 Dungeon Crawl Stone Soup version 0.23-a0-241-g3b46b07 (webtiles) character file.

1679511 iamserjio the Slayer (level 27, 266/266 HPs)
             Began as a Formicid Chaos Knight on Sept 26, 2018.
             Was an Initiate of Gozag.
             Escaped with the Orb
             ... and 3 runes!
             The game lasted 03:30:55 (64883 turns).

iamserjio the Slayer (Formicid Chaos Knight)       Turns: 64883, Time: 03:30:56

Health: 266/266    AC: 37    Str: 26 (27) XL:     27
Magic:  26/26      EV: 14    Int: 15      God:    Gozag
Gold:   8711       SH: 25    Dex: 13      Spells: 18/26 levels left

rFire    + + .     SeeInvis +   S - +9 battleaxe (freeze)
rCold    + + +     Gourm    .   I - +3 large shield
rNeg     . . .     Faith    .   P - +9 plate armour {rF+}
rPois    +         Spirit   .   (helmet unavailable)
rElec    .         Reflect  .   N - +2 cloak {rPois}
rCorr    .         Harm     .   x - +2 pair of gloves {Str+3}
MR       ++...                  (no boots)
Stlth    ..........             h - amulet "Olewnih" {+Inv rPois rC++ Regen+ MP-9}
HPRegen  0.94/turn              k - ring of protection from fire
MPRegen  0.20/turn              b - ring of protection from cold

@: no status effects
A: permanent stasis, dig shafts and tunnels, four strong arms, antennae 3,
hooves 1, cold resistance 1, deterioration 1, robust 1, screaming 1, inhibited
regeneration, subdued magic 1
0: Orb of Zot
}: 3/15 runes: serpentine, barnacled, abyssal
a: Dig, Shaft Self, Potion Petition, Call Merchant, Bribe Branch, Renounce
Religion, Evoke Invisibility


You escaped.
You worshipped Gozag.
Gozag was greatly pleased with you.
You were not hungry.

You visited 9 branches of the dungeon, and saw 46 of its levels.
You visited the Abyss 2 times.
You visited 1 bazaar.
You also visited: Ice Cave.

You collected 28456 gold pieces.
You spent 6704 gold pieces at shops.
You paid 13041 gold pieces to Gozag.

Inventory:

Hand Weapons
 S - a +9 battleaxe of freezing (weapon)
 X - the +8 Wrath of Trog {antimagic, *Rage}
   (You found it on level 15 of the Dungeon)

   It reduces the magical energy of the wielder, and disrupts the spells and
   magical abilities of those hit.
   Natural abilities and divine invocations are not affected.
   It may make you go berserk in combat.
Missiles
 Q - 7 throwing nets (quivered) {!f}
Armour
 o - the +6 plate armour of Royalty {Regen+ Str+4 Dex+4 SInv}
   (You bought it in a shop on level 1 of the Shoals)

   It affects your strength (+4).
   It affects your dexterity (+4).
   It lets you see invisible.
   It increases your rate of regeneration.
 p - the +2 chain mail "Katauxal" {rElec rF+ Dex+4}
   (You found it on level 14 of the Dungeon)

   It affects your dexterity (+4).
   It protects you from fire.
   It insulates you from electricity.
 x - a +2 pair of gloves of strength (worn)
 I - a +3 large shield (worn)
 N - a +2 cloak of poison resistance (worn)
 P - a +9 plate armour of fire resistance (worn)
Jewellery
 b - a ring of protection from cold (right hand)
 h - the amulet "Olewnih" (around neck) {+Inv rPois rC++ Regen+ MP-9}
   (You found it on level 15 of the Dungeon)

   [amulet of regeneration]

   It greatly protects you from cold.
   It protects you from poison.
   It affects your magic capacity (-9).
   It lets you turn invisible.
   It increases your rate of regeneration.
 k - a ring of protection from fire (left hand)
 z - the brooch of Shielding {Reflect SH+8}
   (You found it on level 10 of the Dungeon)

   [amulet of reflection]

   It shields you and reflects attacks.
   It affects your SH (+8).
 E - the ring of Wonder {+Fly rN+++ Int-5}
   (You found it on level 3 of the Depths)

   [ring of flight]

   It affects your intelligence (-5).
   It renders you almost immune to negative energy.
   It lets you fly.
 F - an uncursed ring of resist corrosion
Wands
 i - a wand of iceblast (39)
 n - a wand of clouds (1)
 u - a wand of scattershot (13)
 w - a wand of digging (32)
 K - a wand of enslavement (32)
 O - a wand of paralysis (57)
Scrolls
 d - 3 scrolls of summoning
 g - 18 scrolls of remove curse {@r2}
 q - 7 scrolls of fog
 v - a scroll of identify {@r1}
 y - 7 scrolls of magic mapping
 B - a scroll of brand weapon
 H - 6 scrolls of fear
 V - 3 scrolls of silence
 W - a scroll of holy word
Potions
 f - 8 potions of heal wounds
 j - 4 potions of resistance
 l - 3 potions of agility
 m - 5 potions of lignification
 r - 11 potions of curing {@q1}
 s - a potion of invisibility
 G - 5 potions of flight
 L - 6 potions of magic
 R - 4 potions of cancellation
 Y - 4 potions of might
Miscellaneous
 a - a lightning rod (4/4)
 e - 2 sacks of spiders
 D - a phantom mirror
 J - a fan of gales
 U - a phial of floods (inert)
 Z - a lamp of fire
Comestibles
 c - 26 rations


   Skills:
 + Level 25.2 Fighting
 + Level 21.2(21.3) Axes
   Level 3.9(15.5) Polearms
   Level 7.5(8.0) Staves
 + Level 22.4 Armour
 + Level 10.5 Dodging
 - Level 17.0 Shields
 + Level 16.6 Evocations


You had 18 spell levels left.
You knew the following spells:

 Your Spells              Type           Power        Failure   Level  Hunger
a - Regeneration          Chrm/Necr      #.........   97%         3    ####...
b - Vampiric Draining     Necr           #.........   97%         3    ####...
c - Apportation           Tloc           #.....       71%         1    ##.....
d - Summon Butterflies    Summ           #.......     71%         1    ##.....

Your spell library contained the following spells:

 Spells                   Type           Power        Failure   Level  Hunger
 Animate Skeleton         Necr           N/A          71%         1    ##.....
 Beastly Appendage        Tmut           #.....       71%         1    ##.....
 Confusing Touch          Hex            #.....       71%         1    ##.....
 Flame Tongue             Conj/Fire      #....        71%         1    ##.....
 Freeze                   Ice            #...         71%         1    ##.....
 Pain                     Necr           #...         71%         1    ##.....
 Corpse Rot               Necr           N/A          83%         2    ###....
 Sticks to Snakes         Tmut           #.......     83%         2    ###....
 Sublimation of Blood     Necr           #.........   83%         2    ###....
 Throw Flame              Conj/Fire      #.....       83%         2    ###....
 Throw Frost              Conj/Ice       #.....       83%         2    ###....
 Confuse                  Hex            #.......     97%         3    ####...
 Conjure Flame            Conj/Fire      #.......     97%         3    ####...
 Gell's Gravitas          Tloc           #.........   97%         3    ####...
 Inner Flame              Hex/Fire       #.......     97%         3    ####...
 Lesser Beckoning         Tloc           #.........   97%         3    ####...
 Ozocubu's Armour         Chrm/Ice       #.......     97%         3    ####...
 Spider Form              Tmut/Pois      #.........   97%         3    ####...
 Tukima's Dance           Hex            #.......     97%         3    ####...
 Animate Dead             Necr           N/A          100%        4    #####..
 Ice Form                 Ice/Tmut       #.......     100%        4    #####..
 Petrify                  Tmut/Erth      #.......     100%        4    #####..
 Sticky Flame             Conj/Fire      #.......     100%        4    #####..
 Summon Ice Beast         Ice/Summ       #.......     100%        4    #####..
 Summon Lightning Spire   Summ/Air       #.......     100%        4    #####..
 Throw Icicle             Conj/Ice       #.......     100%        4    #####..
 Agony                    Necr           #.......     100%        5    ######.
 Alistair's Intoxication  Tmut/Pois      #.......     100%        5    ######.
 Blade Hands              Tmut           #.........   100%        5    ######.
 Bolt of Draining         Conj/Necr      #.........   100%        5    ######.
 Dispel Undead            Necr           #.......     100%        5    ######.
 Excruciating Wounds      Chrm/Necr      #.........   100%        5    ######.
 Fireball                 Conj/Fire      #.........   100%        5    ######.
 Irradiate                Conj/Tmut      #.........   100%        5    ######.
 Metabolic Englaciation   Hex/Ice        #.........   100%        5    ######.
 Silence                  Hex/Air        #.........   100%        5    ######.
 Yara's Violent Unravell  Hex/Tmut       #.........   100%        5    ######.
 Bolt of Cold             Conj/Ice       #.........   100%        6    #######
 Conjure Ball Lightning   Conj/Air       #.........   100%        6    #######
 Deflect Missiles         Chrm/Air       #.........   100%        6    #######
 Freezing Cloud           Conj/Ice/Air   #.........   100%        6    #######
 Hydra Form               Tmut           #.........   100%        6    #######
 Invisibility             Hex            #.......     100%        6    #######
 Ozocubu's Refrigeration  Ice            #.........   100%        6    #######
 Simulacrum               Ice/Necr       #.........   100%        6    #######
 Statue Form              Tmut/Erth      #........    100%        6    #######
 Dragon Form              Tmut           #.........   100%        7    #######
 Tornado                  Air            #.........   100%        9    #######


Dungeon Overview and Level Annotations

Branches:
Dungeon (15/15)            Temple (1/1) D:4            Lair (6/6) D:8
 Shoals (4/4) Lair:3        Snake (4/4) Lair:2        Slime (0/5) Lair:6
    Orc (2/2) D:12            Elf (0/3) Orc:2        Vaults (4/5) D:13
  Crypt (0/3) Vaults:3     Depths (5/5) D:15            Zot (5/5) Depths:5

Altars:
Ashenzari
Cheibriados
Dithmenos
Elyvilon
Fedhas
Gozag
Hepliaklqana
Kikubaaqudgha
Makhleb
Okawaru
Qazlal
Ru
Sif Muna
Trog
Uskayaw
Vehumet
Wu Jian
Xom
Yredelemnul
Zin
The Shining One
Jiyva

Shops:
D:8 :   D:10 [   Orc:2 *?:%   Shoals:1 [   Vaults:2 *:   Vaults:4 [
Depths:1 ![([!   Depths:5 *!

Portals:
Hell: Depths:1 Depths:2 Depths:3 Depths:4 Depths:5
Abyss: Depths:4
Pandemonium: Depths:3 Depths:5
Ziggurat: Depths:3

Annotations:
D:9 1 exclusion


Innate Abilities, Weirdness & Mutations

You cannot be hasted, slowed, berserked, paralysed or teleported.
You can dig through walls and to a lower floor.
Your four strong arms can wield two-handed weapons with a shield.
You have a pair of large antennae on your head. (SInv)
You have large cloven feet.
Your flesh is cold resistant. (rC+)
Your body sometimes deteriorates upon taking damage.
You are robust. (+10% HP)
You occasionally shout uncontrollably at your foes.
You do not regenerate when monsters are visible.
Your spells are a little easier to cast, but a little less powerful.


Message History

There is a stone staircase leading up here.
You slash the quasit! You freeze the quasit.
You kill the quasit!
No target in view!
No target in view!
No target in view!
You climb upwards.
There is a stone staircase leading down here.
There is an open door here.
There is an open door here.
There is a stone staircase leading down here.
You sense a monster nearby.
You extend your mandibles.
You dig through the rock wall.
You dig through the rock wall.
You dig through the rock wall.
You retract your mandibles.
There is a staircase leading out of the dungeon here.
There is a staircase leading out of the dungeon here.
You have escaped!

# #.##.############.## #
#########.##..............##
######.......#.#####.############
.........>...'.#####.#.........##
.............####....#.#######.##
..........###.###....#{# #...
.........)# ##.##....#{# ####
..........# ##.8....#.#
....####### ##@....#.# ....#
#8....#.# ....# ##....#.# ###.#
#......# #.# #......# #.#
####...# #.# #.#.# #.# ###.# #.#
#.#


There were no monsters in sight!

Vanquished Creatures
  2 orbs of fire (Zot:5)
  4 ancient liches
  A juggernaut (Depths:2)
  Boris (Depths:5)
  Margery (Vaults:4)
  Frederick (Vaults:4)
  A caustic shrike (Depths:2)
  5 golden dragons
  A Killer Klown (Zot:5)
  Nikola (Snake:3)
  Jory (Depths:4)
  2 pandemonium lords
  3 liches
  An electric golem (Zot:5)
  2 tentacled monstrosities
  10 Orb Guardians
  2 quicksilver dragons
  3 titans (Depths:3)
  A kraken (Shoals:1)
  4 sphinxes
  A death cob (Zot:1)
  An Executioner (Abyss:3)
  4 shadow dragons
  6 tengu reavers
  6 draconian monks
  11 nagarajas
  6 storm dragons
  13 fire giants
  4 draconian knights (Zot:4)
  2 iron dragons
  6 vault wardens
  10 frost giants
  2 orc warlords
  The ghost of Asenluoll the Severer, a journeyman MiBe of Trog (Lair:6)
  4 cacodemons
  A draconian scorcher (Zot:3)
  A caustic shrike zombie (Depths:2)
  5 ironheart preservers
  A spriggan defender (Depths:3)
  4 draconian annihilators
  23 stone giants
  2 draconian stormcallers
  2 war gargoyles
  21 very ugly things
  8 green draconians
  A deep elf demonologist (Depths:5)
  An entropy weaver (Vaults:4)
  4 vampire knights
  5 purple draconians
  8 yellow draconians
  4 spark wasps (Depths:2)
  6 red draconians
  4 black draconians
  4 white draconians
  An eidolon (Vaults:3)
  A merfolk javelineer (Shoals:3)
  A green death (Zot:5)
  11 ettins
  10 yaktaur captains
  2 jiangshi (Depths:5)
  6 merfolk impalers
  12 fire dragons
  A deep elf high priest (Depths:2)
  Josephine (D:12)
  A rakshasa (Depths:4)
  Harold (D:11)
  Erolcha (D:11)
  4 hydras
  9 great orbs of eyes
  10 vault guards
  19 ice dragons
  7 catoblepae
  8 naga warriors
  3 spriggan air magi
  21 anacondas
  3 satyrs (Shoals:4)
  2 merfolk avatars (Shoals:4)
  16 ogre magi
  7 centaur warriors
  2 death knights
  47 two-headed ogres
  3 merfolk aquamancers
  9 tengu warriors
  An alligator snapping turtle (Shoals:4)
  9 deep troll shamans
  15 naga sharpshooters
  5 death yaks
  A queen ant (D:8)
  5 vampire magi
  6 deep troll earth magi
  5 orc high priests (Orc:2)
  Urug (Lair:3)
  5 shock serpents
  4 spriggan berserkers
  3 sun demons
  5 hell knights
  Nergalle (Lair:1)
  A shock serpent (shapeshifter) (D:15)
  11 sea snakes
  A sixfirhy (Depths:3)
  2 unseen horrors
  5 deep elf knights
  2 salamander mystics
  A skeletal warrior (D:15)
  A deep troll (shapeshifter) (Vaults:1)
  5 flayed ghosts
  6 naga ritualists
  8 glowing orange brains
  32 deep trolls
  8 iron trolls
  A deep elf archer (D:15)
  A wizard (Depths:1)
  An obsidian statue (Depths:1)
  19 orc knights
  15 ironbrand convokers
  2 shadow demons
  11 harpies
  5 necromancers
  An orb spider (shapeshifter) (Vaults:2)
  3 orc sorcerers
  3 phantasmal warriors
  12 deep elf magi
  A frost giant zombie (Depths:3)
  18 fauns
  4 mana vipers
  28 ugly things
  4 wolf spiders
  2 shining eyes (Abyss:3)
  13 manticores
  7 cyclopes
  3 elephants (Lair:6)
  10 moths of wrath
  9 salamanders
  A sphinx skeleton (Depths:2)
  A stone giant zombie (Depths:3)
  An elephant (shapeshifter) (Vaults:2)
  30 black mambas
  13 vault sentinels
  9 merfolk sirens
  Maurice (D:9)
  3 rust devils
  2 smoke demons
  An ice statue (Shoals:4)
  A stone giant skeleton (Depths:2)
  3 water nymphs
  A black mamba (shapeshifter) (Vaults:4)
  An orange demon (D:13)
  20 naga magi
  A spriggan zombie (Depths:2)
  5 gargoyles
  11 guardian serpents
  21 large abominations (Abyss:3)
  21 spiny frogs
  6 rime drakes
  A kobold demonologist (D:11)
  A spiny frog (shapeshifter) (Vaults:3)
  34 yaktaurs
  6 komodo dragons
  An efreet (D:15)
  6 freezing wraiths
  A rime drake (shapeshifter) (D:13)
  A komodo dragon (shapeshifter) (Vaults:2)
  2 red devils
  2 ice devils
  A queen bee (shapeshifter) (D:15)
  6 tengu conjurers
  A harpy zombie (D:15)
  23 merfolk
  7 trolls
  A jumping spider (Vaults:4)
  7 hornets
  A polar bear (shapeshifter) (D:15)
  A shadow dragon simulacrum (Depths:2)
  16 polar bears
  Prince Ribbit (D:9)
  4 tyrant leeches (Lair:6)
  12 blink frogs
  A dream sheep (shapeshifter) (Depths:4)
  34 slime creatures
  4 wind drakes
  A stone giant simulacrum (Vaults:3)
  2 frost giant simulacra
  12 snapping turtles
  A fire giant simulacrum (Depths:2)
  2 hippogriffs (shapeshifter)
  A flying skull (Abyss:3)
  13 hippogriffs
  4 spriggans (Depths:5)
  2 shadows (D:15)
  21 water elementals
  A tarantella (shapeshifter) (D:15)
  A redback (Vaults:4)
  4 wraiths
  2 vampires
  6 wyverns
  A yak (shapeshifter) (D:14)
  33 yaks
  A hog (shapeshifter) (Depths:3)
  A human (IceCv)
  A human (shapeshifter) (Vaults:3)
  3 basilisks
  3 golden eyes (Abyss:3)
  A basilisk (shapeshifter) (Vaults:3)
  Grum (D:11)
  3 chaos spawn
  3 hungry ghosts
  9 vampire mosquitoes
  4 wargs
  52 nagas
  9 soldier ants
  2 floating eyes
  2 acid dragons
  2 floating eyes (shapeshifter)
  20 water moccasins
  18 porcupines
  55 orc warriors
  An eye of draining (Abyss:3)
  2 swamp drakes
  4 sky beasts
  An eye of draining (shapeshifter) (Vaults:2)
  3 ice beasts
  2 phantoms (D:10)
  40 ogres
  5 black bears
  23 wolves
  A boggart (D:15)
  15 centaurs
  A necrophage (D:15)
  14 crocodiles
  A crocodile (shapeshifter) (Depths:1)
  An elf skeleton (Vaults:4)
  2 big kobolds
  An elf simulacrum (Depths:2)
  20 bullfrogs
  10 small abominations (Abyss:3)
  A wyvern zombie (D:15)
  A hornet simulacrum (D:15)
  7 scorpions
  15 killer bees
  2 orc simulacra (Vaults:2)
  9 wights
  5 howler monkeys
  6 electric eels
  15 crimson imps
  4 bullfrog zombies
  7 jellies
  A quasit (D:2)
  9 centaur skeletons
  9 centaur zombies
  4 hounds
  30 orc wizards
  31 orc priests
  A gnoll shaman (D:6)
  Crazy Yiuf (D:2)
  4 bullfrog skeletons
  2 iron imps (Depths:1)
  5 iguanas
  37 worker ants
  2 hound zombies
  2 worker ant zombies
  Robin (D:4)
  A howler monkey skeleton (D:8)
  13 gnolls
  14 adders
  10 shadow imps
  2 white imps (Depths:1)
  2 adder zombies
  2 worms
  2 dart slugs
  3 leopard geckos
  114 orcs
  3 ball pythons
  11 bats
  A bat zombie (D:2)
  3 giant cockroaches
  12 hobgoblins
  A hobgoblin (shapeshifter) (D:4)
  2 jackals (D:9)
  3 quokkas
  7 frilled lizards
  24 goblins
  A jackal zombie (D:8)
  11 kobolds
  3 quokka skeletons (D:5)
  7 rats
  4 rat zombies (D:2)
  4 fungi
  A macabre mass (Abyss:3)
  9 plants
  3 tentacles (Shoals:1)
2026 creatures vanquished.

Vanquished Creatures (collateral kills)
  An ancient lich (Zot:5)
  A Killer Klown (Zot:5)
  A golden dragon (Zot:5)
  An electric golem (Zot:5)
  10 Orb Guardians (Zot:5)
  A death cob (Zot:5)
  A black draconian (Zot:5)
  A red devil (Zot:5)
  A small abomination (Abyss:3)
  A kobold (D:2)
19 creatures vanquished.

Vanquished Creatures (others)
  A Killer Klown (Zot:5)
  5 Orb Guardians (Zot:5)
  A death cob (Zot:5)
  A fire giant (Depths:2)
  A frost giant (Depths:1)
  A reaper (Zot:5)
  6 stone giants
  4 yaktaur captains
  A centaur warrior (Vaults:2)
  5 satyrs
  5 dancing weapons
  2 naga sharpshooters (Snake:4)
  A deep elf archer (Vaults:4)
  A guardian serpent (Snake:4)
  A black mamba (Snake:4)
  13 yaktaurs
  2 polar bears (IceCv)
  A merfolk (Shoals:4)
  A flying skull (Abyss:3)
  3 wolves (IceCv)
  4 centaurs
  A wight (D:15)
  An orc wizard (D:12)
  A gnoll (D:6)
  29 fungi
  65 plants
  8 tentacles (Shoals:1)
165 creatures vanquished.

Grand Total: 2210 creatures vanquished

Notes
Turn   | Place    | Note
-------+----------+-------------------------------------------
     0 | D:1      | iamserjio the Formicid Chaos Knight began the quest for the
                  | Orb.
     0 | D:1      | Reached XP level 1. HP: 18/18 MP: 1/1
   112 | D:1      | XOM: silly message
   224 | D:1      | Reached XP level 2. HP: 24/24 MP: 2/2
   409 | D:1      | Reached XP level 3. HP: 30/30 MP: 3/3
   496 | D:1      | XOM: harmless Fire miscast
   966 | D:2      | Found a runed door.
  1028 | D:2      | Found a sacrificial altar of Ru.
  1028 | D:2      | Found a radiant altar of Vehumet.
  1157 | D:2      | Reached skill level 4 in Fighting
  1157 | D:2      | Reached XP level 4. HP: 36/37 MP: 4/4
  1362 | D:2      | XOM: noise
  1466 | D:2      | XOM: cloud trail
  1493 | D:2      | Reached XP level 5. HP: 31/43 MP: 5/5
  1591 | D:2      | XOM: god gift: green potion {god gift}
  1623 | D:2      | XOM: harmless Conj miscast
  1656 | D:2      | Found an ancient bone altar of Kikubaaqudgha.
  1730 | D:2      | Noticed Crazy Yiuf
  1743 | D:2      | Killed Crazy Yiuf
  1743 | D:2      | Reached skill level 1 in Dodging
  1841 | D:2      | XOM: harmless Conj miscast
  1887 | D:3      | XOM: god gift: 17 arrows
  2045 | D:2      | Fell from the grace of Xom
  2045 | D:2      | Became a worshipper of Ru the Awakened
  2070 | D:3      | Found an iron altar of Okawaru.
  2283 | D:3      | Reached skill level 1 in Staves
  2309 | D:3      | Reached XP level 6. HP: 42/49 MP: 6/6
  2642 | D:4      | Found a staircase to the Ecumenical Temple.
  2726 | D:4      | XOM: severe Ice miscast
  2753 | Temple   | Entered the Ecumenical Temple
  2817 | Temple   | Fell from the grace of Ru
  2817 | Temple   | Became a worshipper of Gozag Ym Sagoz the Greedy
  2920 | D:4      | Found a snail-covered altar of Cheibriados.
  3012 | D:4      | XOM: polymorph quokka -> hobgoblin
  3020 | D:4      | Got a clouded ruby amulet
  3135 | D:4      | Reached skill level 5 in Fighting
  3203 | D:4      | Noticed Robin
  3219 | D:4      | Killed Robin
  3260 | D:4      | Identified the amulet "Adissiv" {Reflect Fragile rF+++ SH+5
                  | SInv Stlth-} (You found it on level 4 of the Dungeon)
  3336 | D:4      | XOM: summons 4 hostile demons
  3481 | D:4      | XOM: stat loss: -2 Int (10/12)
  3504 | D:5      | Entered Level 5 of the Dungeon
  3523 | D:5      | Found a shadowy altar of Dithmenos.
  3614 | D:5      | Reached XP level 7. HP: 56/56 MP: 7/7
  3620 | D:5      | Found a glowing silver altar of Zin.
  3833 | D:5      | XOM: mild Pois miscast
  4149 | D:5      | Reached skill level 5 in Armour
  4258 | D:5      | XOM: give mutations
  4258 | D:5      | Gained mutation: You have large cloven feet. [Xom's
                  | mischief]
  4258 | D:5      | Gained mutation: You are dopey. (Int -2) [Xom's mischief]
  4258 | D:5      | Gained mutation: Scrolls take you a little longer to read.
                  | [Xom's mischief]
  4258 | D:5      | Lost mutation: Scrolls take you a little longer to read.
                  | [Xom's mischief]
  4630 | D:6      | Reached XP level 8. HP: 39/64 MP: 8/8
  4633 | D:6      | Reached skill level 6 in Fighting
  4686 | D:6      | XOM: give mutations
  4686 | D:6      | Gained mutation: You are frail. (-10% HP) [Xom's mischief]
  4686 | D:6      | Gained mutation: You occasionally shout uncontrollably at
                  | your foes. [Xom's mischief]
  4686 | D:6      | Gained mutation: You are very dopey. (Int -4) [Xom's
                  | mischief]
  4873 | D:6      | XOM: summons 2 hostile demons
  4949 | D:6      | Found a hide-covered altar of Uskayaw.
  5026 | D:6      | Reached skill level 5 in Staves
  5619 | D:7      | Reached skill level 7 in Fighting
  5714 | D:6      | XOM: medium Chrm miscast
  5724 | D:6      | XOM: torment (26/60 hp)
  5903 | D:7      | Reached XP level 9. HP: 64/64 MP: 9/9
  5959 | D:7      | XOM: give mutations
  5959 | D:7      | Gained mutation: Your body sometimes deteriorates upon
                  | taking damage. [Xom's mischief]
  5959 | D:7      | Gained mutation: You are very frail. (-20% HP) [Xom's
                  | mischief]
  5959 | D:7      | Lost mutation: You are very dopey. (Int -4) [Xom's
                  | mischief]
  5959 | D:7      | Gained mutation: Scrolls take you a little longer to read.
                  | [Xom's mischief]
  6287 | D:7      | Reached skill level 8 in Fighting
  6862 | D:7      | XOM: mild Erth miscast
  6959 | D:7      | Found a deep blue altar of Sif Muna.
  6966 | D:7      | Got a warped hat
  7132 | D:7      | Identified Sif Muna's Papyrus of Confrontation
  7248 | D:8      | Reached skill level 9 in Fighting
  7291 | D:8      | XOM: medium Tmut miscast
  7355 | D:8      | XOM: severe Erth miscast
  7459 | D:8      | Found a staircase to the Lair.
  7539 | D:8      | Reached XP level 10. HP: 33/66 MP: 10/10
  7898 | D:8      | Reached skill level 10 in Fighting
  7911 | D:8      | XOM: summons 1 hostile shadow creature
  7912 | D:8      | Noticed a two-headed ogre
  8238 | D:8      | XOM: mild Erth miscast
  8270 | D:8      | Found Zaraor's Book Boutique.
  8321 | D:8      | Reached skill level 10 in Armour
  8744 | D:8      | XOM: give mutations
  8744 | D:8      | Lost mutation: Your body sometimes deteriorates upon taking
                  | damage. [Xom's mischief]
  8744 | D:8      | Lost mutation: You are dopey. (Int -2) [Xom's mischief]
  8744 | D:8      | Gained mutation: Scrolls take you longer to read. [Xom's
                  | mischief]
  9012 | D:7      | XOM: summons 5 hostile demons
  9013 | D:7      | Noticed an orange demon
  9017 | D:7      | You fall through a shaft for 2 floors!
  9017 | D:9      | Noticed Prince Ribbit
  9025 | D:9      | Killed Prince Ribbit
  9154 | D:9      | Noticed a two-headed ogre
  9168 | D:9      | Killed a two-headed ogre
  9168 | D:9      | Reached skill level 11 in Fighting
  9493 | D:9      | XOM: stat loss: -2 Dex (10/12)
  9650 | D:9      | Noticed a two-headed ogre
  9663 | D:9      | Killed a two-headed ogre
  9663 | D:9      | Reached XP level 11. HP: 31/75 MP: 11/11
  9787 | D:9      | XOM: mild Air miscast
  9924 | D:9      | XOM: mild Necr miscast
 10095 | D:9      | Noticed Maurice
 10111 | D:9      | Killed Maurice
 10184 | D:9      | Was forgiven by Xom
 10660 | D:9      | Found a shimmering altar of Xom.
 10661 | D:9      | Found a bloodstained altar of Trog.
 10662 | D:9      | Found a white marble altar of Elyvilon.
 11240 | D:8      | Reached skill level 12 in Fighting
 11490 | D:8      | Noticed a queen ant
 11509 | D:8      | Killed a queen ant
 11932 | D:10     | Entered Level 10 of the Dungeon
 12058 | D:10     | Noticed a two-headed ogre
 12059 | D:10     | Found the brooch of Shielding {Reflect SH+8}
 12086 | D:10     | a two-headed ogre changed into a floating eye
 12591 | D:10     | Noticed a two-headed ogre
 12606 | D:10     | Killed a two-headed ogre
 12800 | D:10     | Reached XP level 12. HP: 82/82 MP: 12/12
 13134 | D:10     | Noticed Psyche
 13155 | D:10     | Noticed Psyche
 13155 | D:10     | Psyche changed into Psyche the porcupine
 13157 | D:10     | Killed Psyche the porcupine
 13377 | D:10     | Found Joahunec's Antique Armour Boutique.
 13805 | D:11     | Noticed Grum
 13809 | D:11     | Killed Grum
 13859 | D:11     | Noticed a two-headed ogre
 13867 | D:11     | Killed a two-headed ogre
 13867 | D:11     | Reached skill level 13 in Fighting
 13995 | D:11     | Noticed Erolcha
 14011 | D:11     | Killed Erolcha
 14168 | D:11     | Noticed Harold
 14185 | D:11     | Killed Harold
 14775 | D:11     | Learned a level 3 spell: Regeneration
 14779 | D:11     | Learned a level 3 spell: Vampiric Draining
 15602 | D:12     | Reached skill level 14 in Fighting
 15671 | D:12     | Found a staircase to the Orcish Mines.
 16309 | D:12     | Reached XP level 13. HP: 91/91 MP: 13/13
 16681 | D:12     | Reached skill level 1 in Evocations
 16731 | D:12     | Noticed Josephine
 16743 | D:12     | Killed Josephine
 16915 | D:12     | Reached skill level 15 in Fighting
 17528 | D:12     | Noticed a fire dragon
 17535 | D:12     | Killed a fire dragon
 17873 | D:10     | Bought a pair of gloves for 126 gold pieces
 17955 | Lair:1   | Entered Level 1 of the Lair of Beasts
 17982 | Lair:1   | Got a smelly chain mail
 18035 | Lair:1   | Identified the +1 chain mail "Tewkufar" {*Slow rElec rPois
                  | Dex+9} (You found it on level 1 of the Lair of Beasts)
 18077 | Lair:1   | Reached skill level 5 in Evocations
 18153 | Lair:1   | Noticed Nergalle
 18187 | Lair:1   | Killed Nergalle
 18870 | Lair:2   | Noticed a catoblepas
 19014 | Lair:2   | Found a staircase to the Snake Pit.
 19747 | Lair:2   | Killed a catoblepas
 19747 | Lair:2   | Reached skill level 16 in Fighting
 20341 | Lair:3   | Found a frozen archway.
 20345 | IceCv    | Entered an ice cave
 20926 | IceCv    | Reached XP level 14. HP: 46/100 MP: 18/18
 20946 | IceCv    | Reached skill level 17 in Fighting
 21246 | IceCv    | Noticed a frost giant
 21317 | IceCv    | Killed a frost giant
 21845 | IceCv    | Got a pitted iron ring
 21901 | Lair:3   | Identified the ring of Anarchy {Ice rN+} (You found it in
                  | an ice cave)
 21958 | Lair:3   | Noticed Urug
 21980 | Lair:3   | Killed Urug
 21980 | Lair:3   | Reached skill level 1 in Axes
 21980 | Lair:3   | Reached skill level 1 in Shields
 22673 | Lair:3   | Found a staircase to the Shoals.
 22890 | Lair:4   | Reached skill level 5 in Axes
 25175 | Lair:5   | Identified the Grimoire of Doomed Shape Shifting
 25448 | Lair:5   | Reached XP level 15. HP: 107/107 MP: 19/19
 25697 | Lair:6   | Entered Level 6 of the Lair of Beasts
 25720 | Lair:6   | Found a runed door.
 25720 | Lair:6   | Found a shimmering altar of Xom.
 25720 | Lair:6   | Noticed Asenluoll's ghost (journeyman MiBe)
 26202 | Lair:6   | Reached skill level 10 in Axes
 26505 | Lair:6   | Found a viscous altar of Jiyva.
 26505 | Lair:6   | Found a staircase to the Slime Pits.
 27472 | Lair:6   | Got a wavering golden ring
 27498 | Lair:6   | Learned a level 1 spell: Apportation
 27500 | Lair:6   | Learned a level 1 spell: Summon Butterflies
 27527 | Lair:6   | Identified the ring "Mikle" {Int+4 Dex+3 Stlth-} (You found
                  | it on level 6 of the Lair of Beasts)
 28864 | D:13     | Found a gate to the Vaults.
 29605 | D:14     | Reached skill level 5 in Shields
 29617 | D:14     | Got a crude chain mail
 29678 | D:14     | Identified the +2 chain mail "Katauxal" {rElec rF+ Dex+4}
                  | (You found it on level 14 of the Dungeon)
 29787 | D:14     | Reached XP level 16. HP: 59/113 MP: 20/20
 30529 | D:15     | Entered Level 15 of the Dungeon
 31226 | D:15     | Found a staircase to the Depths.
 31290 | D:15     | Found a hazy altar of Hepliaklqana.
 31291 | D:15     | Found an ancient bone altar of Kikubaaqudgha.
 31291 | D:15     | Found a hide-covered altar of Uskayaw.
 31423 | Orc:1    | Entered Level 1 of the Orcish Mines
 31560 | Orc:2    | Entered Level 2 of the Orcish Mines
 31572 | Orc:2    | Found a staircase to the Elven Halls.
 34140 | Orc:2    | Found Zocie's Magic Scroll Emporium.
 34140 | Orc:2    | Found Naneasif's General Store.
 34141 | Orc:2    | Found Reol's Food Emporium.
 34141 | Orc:2    | Found Malemodo's Book Shoppe.
 34209 | Orc:2    | Bought a scroll of fog for 36 gold pieces
 34209 | Orc:2    | Bought a scroll of fear for 63 gold pieces
 34209 | Orc:2    | Bought a scroll of summoning for 171 gold pieces
 34209 | Orc:2    | Bought a scroll of brand weapon for 360 gold pieces
 34209 | Orc:2    | Bought a scroll of identify for 36 gold pieces
 34209 | Orc:2    | Bought a scroll of identify for 36 gold pieces
 34211 | Orc:2    | Identified a scroll of acquirement
 34216 | Orc:2    | Bought a manual of Shields for 1324 gold pieces
 34217 | Orc:2    | Bought a potion of curing for 48 gold pieces
 34217 | Orc:2    | Bought a potion of curing for 48 gold pieces
 34217 | Orc:2    | Bought a scroll of identify for 32 gold pieces
 34239 | Orc:2    | Bought a scroll of enchant weapon for 135 gold pieces
 34551 | Snake:1  | Entered Level 1 of the Snake Pit
 35390 | Snake:1  | Lost mutation: Scrolls take you longer to read. [potion of
                  | mutation]
 35390 | Snake:1  | Lost mutation: You are very frail. (-20% HP) [potion of
                  | mutation]
 35390 | Snake:1  | Lost mutation: You are frail. (-10% HP) [potion of
                  | mutation]
 35390 | Snake:1  | Gained mutation: Your flesh is cold resistant. (rC+)
                  | [potion of mutation]
 35390 | Snake:1  | Gained mutation: You are partially covered in large bone
                  | plates. (SH +4) [potion of mutation]
 35581 | Snake:1  | Found Suofonu's Jewellery Emporium.
 35994 | Snake:2  | Reached skill level 15 in Axes
 35994 | Snake:2  | Reached skill level 10 in Shields
 35994 | Snake:2  | Reached XP level 17. HP: 132/149 MP: 21/21
 36014 | Snake:2  | Reached skill level 18 in Fighting
 36361 | Snake:2  | Found an ancient bone altar of Kikubaaqudgha.
 37073 | Snake:3  | Noticed Nikola
 37116 | Snake:3  | Killed Nikola
 37210 | Snake:3  | Found a flickering gateway to a bazaar.
 37219 | Bazaar   | Entered a bazaar
 37219 | Bazaar   | Found Sigyud's Assorted Antiques.
 37219 | Bazaar   | Found Woom's Distillery.
 37219 | Bazaar   | Found Utyrhill's Book Shop.
 37219 | Bazaar   | Found Pataong's Distillery.
 37347 | Bazaar   | Found Etetaap's Food Boutique.
 37347 | Bazaar   | Found Gete's Assorted Antiques.
 37363 | Bazaar   | Bought a potion of resistance for 160 gold pieces
 37363 | Bazaar   | Bought a potion of heal wounds for 80 gold pieces
 37374 | Bazaar   | Bought a scroll of identify for 50 gold pieces
 37412 | Bazaar   | Bought a potion of ambrosia for 96 gold pieces
 37412 | Bazaar   | Bought a potion of resistance for 120 gold pieces
 37412 | Bazaar   | Bought a potion of ambrosia for 96 gold pieces
 37412 | Bazaar   | Bought a potion of resistance for 120 gold pieces
 37416 | Bazaar   | Bought a potion of heal wounds for 65 gold pieces
 37416 | Bazaar   | Bought a potion of flight for 39 gold pieces
 37416 | Bazaar   | Bought a potion of flight for 39 gold pieces
 37429 | Bazaar   | Bought a ration for 35 gold pieces
 37429 | Bazaar   | Bought a ration for 35 gold pieces
 37429 | Bazaar   | Bought a ration for 35 gold pieces
 37429 | Bazaar   | Bought a ration for 35 gold pieces
 37429 | Bazaar   | Bought a ration for 35 gold pieces
 37429 | Bazaar   | Bought a ration for 35 gold pieces
 37429 | Bazaar   | Bought a ration for 35 gold pieces
 37429 | Bazaar   | Bought a ration for 35 gold pieces
 37429 | Bazaar   | Bought a ration for 35 gold pieces
 37963 | Snake:4  | Entered Level 4 of the Snake Pit
 38821 | Snake:4  | Reached XP level 18. HP: 153/157 MP: 22/22
 39229 | Snake:4  | Reached skill level 15 in Shields
 39974 | Snake:4  | Got a serpentine rune of Zot
 40520 | D:9      | You are sucked into a shaft for 2 floors!
 40573 | Vaults:1 | Entered Level 1 of the Vaults
 41130 | Vaults:1 | Reached XP level 19. HP: 163/163 MP: 23/23
 42151 | Vaults:2 | Reached skill level 15 in Armour
 43105 | Vaults:2 | Found Yfoow's Book Shoppe.
 43220 | Vaults:2 | Found Baytu's Assorted Antiques.
 43630 | Vaults:3 | Reached XP level 20. HP: 131/170 MP: 24/24
 45387 | Vaults:3 | Found a staircase to the Crypt.
 45878 | Vaults:4 | Noticed Margery
 45905 | Vaults:4 | Killed Margery
 45915 | Vaults:4 | Reached XP level 21. HP: 100/177 MP: 25/25
 46325 | Vaults:4 | Found Riacut's Armour Boutique.
 46531 | Vaults:4 | Noticed Frederick
 46587 | Vaults:4 | Killed Frederick
 47585 | Shoals:1 | Entered Level 1 of the Shoals
 47885 | Shoals:1 | Found Cikosul's Antique Armour Emporium.
 49247 | Shoals:3 | Found a shattered altar of Ashenzari.
 49493 | Shoals:4 | Entered Level 4 of the Shoals
 49529 | Shoals:4 | Reached skill level 5 in Dodging
 49886 | Shoals:4 | Reached XP level 22. HP: 118/186 MP: 26/26
 50254 | Shoals:4 | Reached skill level 19 in Fighting
 50658 | Shoals:4 | Identified the ring "Koesujut" {Str+4 Dex+3 SInv} (You
                  | found it on level 4 of the Shoals)
 50841 | Shoals:4 | Got a barnacled rune of Zot
 51415 | Shoals:1 | Bought a brightly glowing plate armour for 1036 gold pieces
 51425 | Shoals:1 | Identified the +6 plate armour of Royalty {Regen+ Str+4
                  | Dex+4 SInv} (You bought it in a shop on level 1 of the
                  | Shoals)
 51554 | Lair:6   | Killed Asenluoll's ghost
 51914 | Vaults:2 | Bought a scroll of identify for 46 gold pieces
 52190 | Depths:1 | Entered Level 1 of the Depths
 52835 | D:15     | Found the +8 Wrath of Trog {antimagic, *Rage}
 53127 | D:15     | Reached skill level 20 in Fighting
 53382 | D:15     | Got a clouded ruby amulet
 53800 | Snake:3  | Got a faintly humming chain mail
 53812 | Snake:3  | Identified the +3 chain mail of Unupuwuo {rF- rN+ Regen+}
                  | (You found it on level 3 of the Snake Pit)
 54570 | Depths:1 | Found Esepn's Armour Shop.
 54583 | Depths:1 | Found Qiviv's Antique Weapon Shoppe.
 54628 | Depths:1 | Reached XP level 23. HP: 199/199 MP: 27/27
 54705 | Depths:1 | Found Vaot's Distillery.
 54709 | Depths:1 | Bought 2 potions of heal wounds for 220 gold pieces
 54709 | Depths:1 | Bought 2 potions of heal wounds for 220 gold pieces
 54709 | Depths:1 | Bought a potion of mutation for 176 gold pieces
 54830 | Depths:1 | Found Desoaxzo's Distillery.
 54846 | Depths:1 | Bought a potion of ambrosia for 136 gold pieces
 54928 | Depths:1 | Found Jyugog's Antique Armour Shoppe.
 54936 | Depths:1 | Bought a pair of glowing gloves for 345 gold pieces
 55074 | Depths:1 | Reached skill level 21 in Fighting
 55096 | Depths:1 | Found a gateway to Hell.
 55578 | Depths:2 | Noticed a juggernaut
 55598 | Depths:2 | Killed a juggernaut
 55598 | Depths:2 | Reached skill level 22 in Fighting
 55751 | Depths:2 | Noticed a caustic shrike
 55755 | Depths:2 | Killed a caustic shrike
 56240 | Depths:3 | Reached skill level 10 in Evocations
 56452 | Depths:3 | Reached XP level 24. HP: 210/212 MP: 30/30
 56509 | Depths:3 | Found a one-way gate leading to the halls of Pandemonium.
 56633 | Depths:3 | Cast into level 3 of the Abyss (a lich)
 56755 | Abyss:3  | Got an abyssal rune of Zot
 56803 | Depths:3 | Escaped the Abyss
 56812 | Depths:3 | Reached skill level 23 in Fighting
 56992 | Depths:3 | Got a smoking platinum ring
 56998 | Depths:3 | Identified the ring of Wonder {+Fly rN+++ Int-5} (You found
                  | it on level 3 of the Depths)
 57096 | Depths:3 | Identified the amulet "Olewnih" {+Inv rPois rC++ Regen+
                  | MP-9} (You found it on level 15 of the Dungeon)
 57344 | Depths:3 | Found a gateway to a ziggurat.
 57721 | Depths:3 | Found a stormy altar of Qazlal.
 58167 | Depths:4 | Noticed Jory
 58206 | Depths:4 | Killed Jory
 58212 | Depths:4 | Reached skill level 24 in Fighting
 58476 | Depths:4 | Reached XP level 25. HP: 196/223 MP: 32/32
 59541 | Depths:4 | Noticed an ancient lich
 59560 | Depths:4 | Killed an ancient lich
 59979 | Depths:4 | Found a one-way gate to the infinite horrors of the Abyss.
 60098 | Depths:4 | Found a glowing golden altar of the Shining One.
 60339 | Depths:5 | Entered Level 5 of the Depths
 60707 | Depths:5 | Cast into level 2 of the Abyss (a deep elf demonologist)
 60729 | Depths:5 | Escaped the Abyss
 60801 | Depths:5 | Reached XP level 26. HP: 188/232 MP: 34/34
 60829 | Depths:5 | Found a gate to the Realm of Zot.
 60929 | Depths:5 | Noticed Boris
 60945 | Depths:5 | Killed Boris
 61047 | Depths:5 | Reached skill level 15 in Evocations
 61305 | Depths:5 | Bought a potion of ambrosia for 144 gold pieces
 61305 | Depths:5 | Bought a potion of mutation for 144 gold pieces
 61307 | Depths:5 | Bought a potion of heal wounds for 200 gold pieces
 61437 | Depths:1 | Bought a potion of resistance for 170 gold pieces
 61437 | Depths:1 | Bought 2 potions of ambrosia for 272 gold pieces
 61575 | Zot:1    | Entered Level 1 of the Realm of Zot
 62681 | Zot:5    | Entered Level 5 of the Realm of Zot
 63386 | Zot:5    | Noticed an ancient lich
 63408 | Zot:5    | Killed an ancient lich
 63443 | Zot:5    | Noticed an ancient lich
 63457 | Zot:5    | Killed an ancient lich
 63457 | Zot:5    | Reached XP level 27. HP: 236/240 MP: 34/34
 63460 | Zot:5    | Noticed an ancient lich
 63474 | Zot:5    | Killed an ancient lich
 63633 | Zot:5    | Noticed an orb of fire
 63643 | Zot:5    | Gained mutation: You are frail. (-10% HP) [an orb of fire]
 63652 | Zot:5    | Lost mutation: You are frail. (-10% HP) [an orb of fire]
 63654 | Zot:5    | Gained mutation: Your magical capacity is low. (-10% MP)
                  | [an orb of fire]
 63655 | Zot:5    | Gained mutation: You are weak. (Str -2) [an orb of fire]
 63659 | Zot:5    | Killed an orb of fire
 64040 | Zot:5    | Noticed an orb of fire
 64048 | Zot:5    | Reached skill level 25 in Fighting
 64054 | Zot:5    | Noticed an orb of fire
 64073 | Zot:5    | Reached skill level 10 in Dodging
 64116 | Zot:5    | Noticed an ancient lich
 64125 | Zot:5    | Killed an ancient lich
 64140 | Zot:5    | Noticed an orb of fire
 64157 | Zot:5    | Gained mutation: Your spells are a little easier to cast,
                  | but a little less powerful. [an orb of fire]
 64159 | Zot:5    | Killed an orb of fire
 64188 | Zot:5    | Lost mutation: You are weak. (Str -2) [potion of mutation]
 64188 | Zot:5    | Lost mutation: Your magical capacity is low. (-10% MP)
                  | [potion of mutation]
 64188 | Zot:5    | Lost mutation: Scrolls take you a little longer to read.
                  | [potion of mutation]
 64188 | Zot:5    | Gained mutation: You do not regenerate when monsters are
                  | visible. [potion of mutation]
 64188 | Zot:5    | Gained mutation: You are robust. (+10% HP) [potion of
                  | mutation]
 64189 | Zot:5    | Lost mutation: You are partially covered in large bone
                  | plates. (SH +4) [potion of mutation]
 64189 | Zot:5    | Lost mutation: You have large cloven feet. [potion of
                  | mutation]
 64189 | Zot:5    | Gained mutation: You have large cloven feet. [potion of
                  | mutation]
 64191 | Zot:5    | Got the Orb of Zot
 64218 | Zot:5    | Noticed Roronki the pandemonium lord
 64235 | Zot:5    | Killed Roronki the pandemonium lord
 64259 | Zot:5    | Noticed an ancient lich
 64297 | Zot:4    | Gained mutation: Your body sometimes deteriorates upon
                  | taking damage. [a cacodemon]
 64499 | Depths:2 | Noticed Tiba the pandemonium lord
 64527 | Depths:1 | Killed Tiba the pandemonium lord
 64883 | D:$      | Escaped with the Orb!

Vault maps used:
D:1:      mrwooster_arrival_statue
D:2:      cheibrodos_greedy_goblins, lemuel_zombie_altar_kikubaaqudgha,
          chequers_temple_overflow_statue_of_worship, first_ration,
          minmay_goblin_kobold_house, uniq_crazy_yiuf_cottage
D:3:      okawaru_metal_pillars_1_2
D:4:      cheibriados_altar_1, minmay_temple_entry_crystal_x, uniq_robin
D:5:      zin_academy, grunt_dithmenos_smoke
D:6:      eat_drink_and_be_merry_uskayaw
D:7:      minmay_cornered_nines, led_sif_book
D:8:      due_lair_maze_entry_diamond, serial_shops, shop, zaba_antful_of_joy
D:9:      minitemple, water_maze_lemuel, uniq_prince_ribbit1, uniq_maurice
D:10:     serial_shops, shop, hangedman_pestilent_swarm, minmay_joined_circles,
          uniq_psyche
D:11:     uniq_grum, uniq_harold, uniq_erolcha
D:12:     erik_orc_1, uniq_josephine
D:13:     lightli_vaults_fourway_checkpoint
D:14:     minmay_misc_feat_hallway
D:15:     hangedman_slaughterboxes
Temple:   jpeg_temple_clearing
Lair:1:   uniq_nergalle
Lair:2:   minmay_snake_entry_guardpost_medium
Lair:3:   minmay_shoals_entry_hut, portal_ice_cave_entry_pillars_2, st_stairs_7,
          beast_lair_carwin_3, uniq_urug
Lair:4:   nzn_motion_control, lemuel_fruit_tree
Lair:5:   st_stairs_13, serial_bayou_shore_a
Lair:6:   minmay_lair_end_frog_pond, dpeg_slime_entry_enclosed_altar,
          ebering_ghost_xom
Shoals:1: serial_shops, shop, nicolae_shoals_kraken_intersection
Shoals:2: nicolae_shoals_stone_sculpture_thing
Shoals:3: nicolae_shoals_seven_spires, lemuel_centaur_altar
Shoals:4: shoals_end_grunt_garden, dpeg_stationary_puzzle
Snake:1:  serial_shops, shop, nrook_guardian_serpent_double
Snake:2:  minmay_snake_river, basic_altar
Snake:3:  serial_shops, bzr_entry_islet, uniq_nikola
Snake:4:  grunt_snake_rune_serpentine_throne, serial_bayou_shore_b
Orc:2:    st_orc_pillars
Vaults:1: hangedman_vaults_variations, ontoclasm_vaults_shuriken, v_rooms_3,
          vaults_room_stairs_pillars, hangedman_vaults_slice,
          ontoclasm_vaults_hangar, vaults_standard_mumra_enter_the_diamond,
          nicolae_vaults_mini_display_case
Vaults:2: grunt_vaults_diagonal, grunt_vaults_twisty, v_misc_24,
          ontoclasm_vaults_ring_large, nicolae_vaults_little_squares_6,
          v_misc_3, dpeg_vaults_monster_box, nicolae_vaults_alarming, v_misc_32,
          nicolae_vaults_border_crossing, serial_shops,
          nicolae_shop_behind_doors, nicolae_shop_competitors_out_of_business
Vaults:3: vaults_room_guarded_vault, vaults_room_door_ring,
          hangedman_vaults_impose, hangedman_vaults_stream,
          nicolae_vaults_specimen_jars, vaults_room_fancy_cross,
          nicolae_vaults_network_s, minmay_crypt_entry_simple_walls,
          hangedman_vaults_pinch, v_misc_18, nicolae_vaults_little_squares_6,
          nicolae_vaults_big_angled_halls, v_rooms_4
Vaults:4: vaults_dpeg_doors, hangedman_vaults_slice,
          nicolae_vaults_sealed_display, nicolae_vaults_circle_grid_a,
          ontoclasm_vaults_eye, grunt_vaults_hallway_short, v_misc_9,
          vaults_mumra_chevron_long, hangedman_vaults_impose, v_alt_pattern_1,
          vaults_mumra_hexcomb, serial_shops, shop, uniq_frederick, uniq_margery
Depths:1: kennysheep_boxes, serial_shops, nicolae_shop_statue_plus,
          nicolae_shop_stone, nicolae_shop_waterfront, shop_fountains,
          nicolae_shop_stone, grunt_hell_entry_demonic_statue,
          kennysheep_cluttered_room, grunt_tough_drop, firewood_loft
Depths:2: minmay_chopped_fan, pf_coc_iceberg, minmay_misc_feat_nine_boxes,
          minmay_staircase_statues
Depths:3: regret_index_qazlal_generations, enter_ziggurat_c,
          infiniplex_staircase_zigzag_1, rand_demon_pan_entry_9, hell_entry,
          spider_trap
Depths:4: lemuel_traditional_vault, minmay_fountain_box, hell_entry,
          abyss_entry, tso_altar, minmay_staircase_windowed_small, uniq_jory
Depths:5: evilmike_zot_entry_diamond, pan_entry, hangedman_tar_grid_catacomb,
          uniq_boris
Zot:1:    grunt_megastairs_1
Zot:3:    grunt_ministairs_15
Abyss:2:  evilmike_abyss_exit_smiterflies
Abyss:3:  hangedman_cross_veins, nicolae_abyss_rune_left_handed,
          evilmike_abyss_exit_17
Bazaar:   bazaar_minmay_generic_island
IceCv:    ice_cave_caverns_03

Skill      XL: |  1  2  3  4  5  6  7  8  9 10 11 12 13 14 15 16 17 18 19 20 21 22 23 24 25 26 27 |
---------------+----------------------------------------------------------------------------------+-----
Armour         | 3 4 5 6 9 11 12 14 16 19 21 22 | 22.4
Fighting       | 4 5 7 9 11 12 14 16 17 18 20 22 24 25 | 25.2
Dodging        | 1 5 6 7 9 10 | 10.5
Staves         | 1 3 4 5 7 |  7.5
Evocations     | 6 10 12 14 15 16 | 16.6
Axes           | 8 12 15 16 18 19 20 21 | 21.2
Shields        | 3 5 10 14 15 17 | 17.0
Polearms       | |  3.9

Action                   |  1- 3 |  4- 6 |  7- 9 | 10-12 | 13-15 | 16-18 | 19-21 | 22-24 | 25-27 || total
-------------------------+-------+-------+-------+-------+-------+-------+-------+-------+-------++-------
Melee: Spear             |   121 |    92 |       |       |       |       |       |       |       ||   213
       Quarterstaff      |       |   130 |   315 |   781 |   763 |       |       |       |       ||  1989
       Kick              |       |       |    58 |   230 |   439 |   348 |   390 |   553 |   456 ||  2474
       Battleaxe         |       |       |       |       |   461 |  1023 |  1090 |  1207 |   986 ||  4767
Throw: Throwing net      |       |       |       |       |       |       |     1 |       |       ||     1
Invok: Potion Petition   |       |       |       |       |     2 |     1 |       |     1 |     5 ||     9
       Call Merchant     |       |       |       |       |       |       |       |       |     2 ||     2
       Bribe Branch      |       |       |       |       |       |       |       |       |     3 ||     3
 Abil: Dig               |       |     3 |     3 |     4 |    12 |     9 |     1 |       |    13 ||    45
       Shaft Self        |       |       |       |     1 |       |     1 |       |       |       ||     2
Evoke: Wand              |       |       |     1 |    12 |    26 |     7 |     2 |     5 |     8 ||    61
       Lightning rod     |       |       |       |     3 |     3 |       |       |     1 |       ||     7
       Phial of floods   |       |       |       |       |       |     1 |       |     1 |     1 ||     3
       Sack of spiders   |       |       |       |       |       |       |       |       |     2 ||     2
       Phantom mirror    |       |       |       |       |       |       |       |       |     2 ||     2
  Use: Scroll            |       |    16 |     4 |     6 |    12 |    14 |    11 |     7 |    17 ||    87
       Potion            |       |       |     2 |     7 |     6 |     2 |     3 |     9 |    20 ||    49
 Stab: Distracted        |       |     1 |     1 |     2 |    11 |     8 |    19 |    20 |    10 ||    72
       Paralysed         |       |       |     2 |     6 |    20 |     2 |       |       |       ||    30
       Petrifying        |       |       |     1 |     2 |     4 |       |       |       |       ||     7
       Petrified         |       |       |       |     9 |     7 |       |       |       |       ||    16
       Confused          |       |       |       |       |     2 |       |       |       |       ||     2
       Invisible         |       |       |       |       |     1 |       |       |       |     7 ||     8
       Held in net/web   |       |       |       |       |       |       |     2 |       |       ||     2
  Eat: Chunk             |     1 |     6 |       |       |       |       |       |       |       ||     7
       Ration            |       |     1 |     3 |    10 |    13 |    12 |     8 |     9 |     7 ||    63
Armor: Leather armour    |    28 |    51 |       |       |       |       |       |       |       ||    79
       Chain mail        |       |    13 |   175 |   294 |   144 |    62 |   110 |    20 |       ||   818
       Skin              |       |       |     1 |    41 |     8 |       |       |       |       ||    50
       Plate armour      |       |       |       |       |   359 |   112 |       |   154 |   164 ||   789
Dodge: Dodged            |    52 |   108 |    82 |   221 |   279 |    74 |    85 |   146 |   127 ||  1174
Block: Other             |       |       |       |   108 |   181 |       |       |       |       ||   289
       Reflection        |       |       |       |     1 |    13 |   144 |   145 |   139 |    37 ||   479
       Buckler           |       |       |       |       |   310 |       |       |       |       ||   310
       Large shield      |       |       |       |       |    42 |  1108 |  1014 |  1147 |   834 ||  4145
       Shield            |       |       |       |       |    20 |       |       |       |       ||    20

Table legend:
 A = Non-vault XP
 B = Vault XP
 C = Vault XP percentage of total XP
 D = Non-vault monster count
 E = Vault monster count
 F = Vault count percentage of total count
                 A         B        C        D         E       F
            +---------+---------+-------+---------+---------+-------
      Total |  598530 |  542857 |  47.6 |    1253 |     805 |  39.1
            +---------+---------+-------+---------+---------+-------
        D:1 |      38 |       0 |   0.0 |      23 |       0 |   0.0
        D:2 |      83 |      72 |  46.5 |      21 |      21 |  50.0
        D:3 |      96 |       0 |   0.0 |      22 |       0 |   0.0
        D:4 |     146 |      37 |  20.2 |       8 |      12 |  60.0
        D:5 |     486 |       0 |   0.0 |      30 |       0 |   0.0
        D:6 |     814 |       0 |   0.0 |      20 |       0 |   0.0
        D:7 |    1257 |     245 |  16.3 |      28 |       5 |  15.2
        D:8 |     581 |    3988 |  87.3 |      10 |      40 |  80.0
        D:9 |    2367 |     739 |  23.8 |      17 |       2 |  10.5
       D:10 |    4776 |    1605 |  25.2 |      32 |      15 |  31.9
       D:11 |    3562 |    2671 |  42.9 |      35 |       7 |  16.7
       D:12 |    6608 |    2227 |  25.2 |      41 |      21 |  33.9
       D:13 |    6315 |    5429 |  46.2 |      35 |      12 |  25.5
       D:14 |    7469 |       0 |   0.0 |      27 |       0 |   0.0
       D:15 |       0 |   39246 | 100.0 |       0 |      78 | 100.0
     Lair:1 |    2616 |     800 |  23.4 |      12 |       1 |   7.7
     Lair:2 |    3600 |    1150 |  24.2 |      13 |       7 |  35.0
     Lair:3 |    4678 |    2281 |  32.8 |      22 |       7 |  24.1
     Lair:4 |    2683 |    2898 |  51.9 |      14 |       4 |  22.2
     Lair:5 |    7996 |       0 |   0.0 |      26 |       0 |   0.0
     Lair:6 |    6946 |   14655 |  67.8 |      14 |      49 |  77.8
   Shoals:1 |    9374 |    2314 |  19.8 |      20 |       1 |   4.8
   Shoals:2 |    6661 |       0 |   0.0 |      14 |       0 |   0.0
   Shoals:3 |   19034 |     459 |   2.4 |      38 |       4 |   9.5
   Shoals:4 |   17327 |   17114 |  49.7 |      37 |      31 |  45.6
    Snake:1 |   13938 |     412 |   2.9 |      24 |       1 |   4.0
    Snake:2 |    9846 |    4932 |  33.4 |      22 |      16 |  42.1
    Snake:3 |   16080 |    4225 |  20.8 |      27 |       1 |   3.6
    Snake:4 |   22331 |   45241 |  67.0 |      44 |      64 |  59.3
      Orc:1 |    3418 |       0 |   0.0 |      43 |       0 |   0.0
      Orc:2 |    1699 |   10702 |  86.3 |      12 |      54 |  81.8
   Vaults:1 |   21260 |   11891 |  35.9 |      43 |      23 |  34.8
   Vaults:2 |   30597 |   17331 |  36.2 |      59 |      26 |  30.6
   Vaults:3 |   26641 |   29274 |  52.4 |      48 |      39 |  44.8
   Vaults:4 |   44547 |   23995 |  35.0 |      65 |      19 |  22.6
   Depths:1 |   34722 |   10477 |  23.2 |      40 |      29 |  42.0
   Depths:2 |   55487 |   25072 |  31.1 |      75 |      12 |  13.8
   Depths:3 |   36186 |   48926 |  57.5 |      36 |      37 |  50.7
   Depths:4 |   34325 |   61618 |  64.2 |      38 |      30 |  44.1
   Depths:5 |   39142 |   21685 |  35.7 |      48 |      12 |  20.0
      Zot:1 |   10445 |    7332 |  41.2 |       8 |       7 |  46.7
      Zot:2 |    5976 |       0 |   0.0 |       3 |       0 |   0.0
      Zot:3 |   19706 |       0 |   0.0 |      13 |       0 |   0.0
      Zot:4 |   33487 |       0 |   0.0 |      23 |       0 |   0.0
      Zot:5 |   20051 |   91136 |  82.0 |      14 |      25 |  64.1
    Abyss:3 |    3133 |   18894 |  85.8 |       9 |      48 |  84.2
      IceCv |       0 |   11784 | 100.0 |       0 |      45 | 100.0
            +---------+---------+-------+---------+---------+-------
